 Dungeon Crawl Stone Soup version 0.30-a0-42-g806c11bf1d (webtiles) character file.

Game seed: 5019376999577470078

1344 Destapler the Shield-Bearer (level 8, 0/79 HPs)
             Began as a Troll Fighter on Aug 30, 2022.
             Slain by Edmund
             ... wielding a +2 flail of protection
              (7 damage)
             ... on level 5 of the Dungeon.
             The game lasted 00:14:49 (3976 turns).

Destapler the Shield-Bearer (Troll Fighter)         Turns: 3976, Time: 00:14:49

Health: 0/79       AC:  5    Str: 25    XL:     8   Next: 36%
Magic:  7/7        EV:  9    Int:  4    God:
Gold:   379        SH:  8    Dex: 11    Spells: 7/7 levels left

rFire   + . .      SeeInvis .    a - +0 flail
rCold   . . .      Faith    .    c - +0 kite shield
rNeg    . . .      Spirit   .    b - +0 robe
rPois   +          Reflect  .    (helmet restricted)
rElec   .          Harm     .    m - +0 cloak
rCorr   .          Rampage  .    (gloves unavailable)
Will    .....                    (boots unavailable)
Stlth   +.........               (no amulet)
HPRegen 1.03/turn                p - ring of protection from fire
MPRegen 0.10/turn                n - ring of poison resistance

@: no status effects
A: large, unfitting armour, claws 3, regeneration 1, shaggy fur 1, tough skin 1
a: no special abilities


You were on level 5 of the Dungeon.
You visited 1 branch of the dungeon, and saw 6 of its levels.

You collected 379 gold pieces.

Inventory:

Hand Weapons
 a - a +0 flail (weapon)
 l - a +3 dagger of holy wrath
Missiles
 e - 11 poisoned darts (quivered)
 i - 6 curare-tipped darts
 v - 5 boomerangs
Armour
 b - a +0 robe (worn)
 c - a +0 kite shield (worn)
 m - a +0 cloak (worn)
Jewellery
 g - a ring of positive energy
 n - a ring of poison resistance (right claw)
 p - a ring of protection from fire (left claw)
Wands
 s - a wand of polymorph (10)
Scrolls
 d - 2 scrolls of amnesia {unknown}
 f - 5 scrolls of identify
 w - a scroll of enchant weapon
 x - a scroll of immolation {unknown}
 y - a scroll of torment {unknown}
 A - a scroll of summoning {unknown}
 B - a scroll of blinking {unknown}
Potions
 h - 2 potions of haste
 j - 3 potions of attraction {unknown}
 k - 3 potions of heal wounds
 o - 3 potions of resistance {unknown}
 q - a potion of ambrosia {unknown}
 r - 2 potions of curing {unknown}
 t - 3 potions of lignification {unknown}
 u - 2 potions of degeneration {unknown}
 z - a potion of might


   Skills:
 + Level 4.6 Fighting
 + Level 4.6 Maces & Flails
 + Level 3.0 Throwing
 + Level 4.6 Dodging
 + Level 5.1 Shields


You had 7 spell levels left.
You didn't know any spells.
Your spell library contained the following spells:

 Spells                   Type           Power      Damage    Failure   Level
 Sandblast                Erth           0%         2d4       77%         1
 Ensorcelled Hibernation  Hex/Ice        0%         N/A       88%         2
 Passwall                 Tmut/Erth      0%         N/A       88%         2
 Lesser Beckoning         Tloc           0%         N/A       98%         3
 Portal Projectile        Hex/Tloc       0%         N/A       98%         3
 Stone Arrow              Conj/Erth      0%         3d7       98%         3
 Swiftness                Air            0%         N/A       98%         3
 Anguish                  Hex/Necr       0%         N/A       100%        4
 Haunt                    Necr/Summ      0%         N/A       100%        7


Dungeon Overview and Level Annotations

Branches:
Dungeon (6/15)
 Temple: D:4-7

Altars:
Gozag
Zin

Annotations:
D:5 Edmund


Innate Abilities, Weirdness & Mutations

You are too large for most types of armour.
You have claws for hands.
Your natural rate of healing is unusually fast.
You are covered in fur. (AC +1)
You have tough skin. (AC +1)


Message History

You hit Edmund but do no damage.
Edmund is severely wounded.
Edmund closely misses you.
You hit Edmund but do no damage.
Edmund is severely wounded.
You block Edmund's attack.
You hit Edmund.
Edmund is severely wounded.
You block Edmund's attack.
You hit Edmund but do no damage.
Edmund is severely wounded.
Edmund hits you with a +2 flail of protection. x2
You sock Edmund!
Edmund is almost dead.
Edmund hits you with a +2 flail of protection!
* * * LOW HITPOINT WARNING * * *
You hit Edmund but do no damage.
Edmund is almost dead.
Edmund closely misses you.
You barely miss Edmund.
Edmund is almost dead.
You block Edmund's attack.
You hit Edmund but do no damage.
Edmund is almost dead.
Edmund hits you with a +2 flail of protection.
* * * LOW HITPOINT WARNING * * *
Edmund hits you with a +2 flail of protection!
* * * LOW HITPOINT WARNING * * *
Edmund attacks as you move away!
Edmund hits you with a +2 flail of protection!
* * * LOW HITPOINT WARNING * * *
Edmund attacks as you move away!
Edmund hits you with a +2 flail of protection.
* * * LOW HITPOINT WARNING * * *
Edmund attacks as you move away!
Edmund hits you with a +2 flail of protection.
* * * LOW HITPOINT WARNING * * *
Edmund attacks as you move away!
Edmund hits you with a +2 flail of protection!
You die...

#.......# #..#####.#†## #.# ##..
#....[..# #....###....####.# ###
###>#..##
#.##......#......######
##.##..###.######..######.##....
#..###.†...#### #..######....###
#.## #####....# #..##.......###
##.# #.##.###..#..###.#...# ...#
#>##.@##....##...###.## .###
#.###.@##......### #... .# #.#
##.###.....## ###. .# #.#
#..........## ## .### #.#
#####.......# ...## #.#
#...#.#.### ##..### #.#
#.........## .#....## #<#
##.###..#...### .##.#..# #.#
#..# ##.##..... .##.##.####.###
#..# #.##.###.


You could see Edmund.

Vanquished Creatures
  Grinder (D:3)
  Sigmund (D:5)
  The ghost of BritishOli the Trooper, an amateur DsFi (D:2)
  An ice beast (D:5)
  An ogre (D:4)
  A necrophage (D:3)
  2 scorpions (D:5)
  A hound (D:5)
  Crazy Yiuf (D:2)
  Jessica (D:3)
  3 iguanas
  An orc wizard (D:4)
  Natasha (thrice) (D:2 D:1)
  12 adders
  2 shadow imps
  2 worms (D:3)
  3 dart slugs (D:1)
  8 orcs
  8 bats
  9 endoplasms
  A giant cockroach (D:4)
  14 goblins
  11 hobgoblins
  9 kobolds
  5 quokkas
  5 ball pythons
  4 frilled lizards
  6 rats
117 creatures vanquished.

Notes
Turn   | Place    | Note
-------+----------+-------------------------------------------
     0 | D:1      | Destapler the Troll Fighter began the quest for the Orb.
     0 | D:1      | Reached XP level 1. HP: 22/22 MP: 0/0
    63 | D:1      | Reached XP level 2. HP: 29/29 MP: 1/1
   169 | D:1      | Reached skill level 3 in Shields
   322 | D:1      | Got Sif Muna's Treatise on the Map and Unholy Magic
   384 | D:1      | Reached XP level 3. HP: 31/36 MP: 2/2
   729 | D:2      | Found a runed translucent door.
   730 | D:2      | Noticed Crazy Yiuf
   881 | D:2      | Noticed Natasha
   892 | D:2      | Killed Natasha
   893 | D:2      | Reached XP level 4. HP: 17/44 MP: 3/3
   953 | D:2      | Noticed Natasha
   957 | D:2      | Killed Natasha
  1003 | D:2      | Noticed Natasha
  1027 | D:1      | Killed Natasha
  1028 | D:1      | Reached XP level 5. HP: 15/53 MP: 4/4
  1352 | D:2      | Killed Crazy Yiuf
  1529 | D:3      | Noticed Grinder
  1605 | D:3      | Reached XP level 6. HP: 33/60 MP: 5/5
  1693 | D:3      | Noticed Jessica
  1717 | D:3      | Killed Jessica
  1749 | D:3      | Paralysed by Grinder for 3 turns
  1757 | D:3      | Paralysed by Grinder for 4 turns
  1763 | D:3      | Killed Grinder
  1764 | D:3      | Reached skill level 1 in Throwing
  1764 | D:3      | Reached skill level 4 in Shields
  1764 | D:3      | Reached XP level 7. HP: 68/68 MP: 6/6
  1855 | D:3      | Found a runed translucent gate.
  1856 | D:3      | Found a runed translucent gate.
  1856 | D:3      | Found an opulent altar of Gozag.
  1857 | D:3      | Found a runed translucent gate.
  1858 | D:3      | Noticed BritishOli's ghost (amateur DsFi)
  2197 | D:4      | Found a glowing silver altar of Zin.
  2416 | D:4      | Noticed Edmund
  2902 | D:5      | Entered Level 5 of the Dungeon
  3120 | D:5      | Noticed Sigmund
  3355 | D:5      | Killed Sigmund
  3356 | D:5      | Reached XP level 8. HP: 79/79 MP: 7/7
  3508 | D:2      | Killed BritishOli's ghost
  3509 | D:2      | Reached skill level 5 in Shields
  3976 | D:5      | Slain by Edmund

Illustrated notes

Levels and vault maps discovered:
D:1:      minmay_arrival_jagged, layout_loops_ring,
          amcnicky_mini_corridor_feature, st_stairs_13
D:2:      cheibrodos_greedy_goblins, layout_rooms, uniq_natasha,
          uniq_crazy_yiuf_cottage
D:3:      layout_rooms, ebering_ghost_gozag, amcnicky_mini_rare_corridor_liquid,
          minmay_pentomino_pile, uniq_grinder, uniq_jessica
D:4:      layout_loops_cross, mainiacjoe_overflow_brackets, uniq_edmund
D:5:      layout_rooms, feat_on_display, uniq_sigmund
D:6:      layout_basic, mainiacjoe_overflow_six_doors_small, uniq_maggie,
          uniq_eustachio

Skill      XL: |  1  2  3  4  5  6  7  8 |
---------------+-------------------------+-----
Maces & Flails | 2 3 4 |  4.6
Shields        | 3 4 5 |  5.1
Fighting       | 3 4 |  4.6
Dodging        | 3 4 |  4.6
Throwing       | 1 2 3 |  3.0

Action                   |  1- 3 |  4- 6 |  7- 9 || total
-------------------------+-------+-------+-------++-------
Melee: Flail             |    92 |   135 |   250 ||   477
       Unarmed           |       |       |     5 ||     5
Throw: Dart              |       |     4 |       ||     4
  Use: Potion            |     1 |     1 |     2 ||     4
       Scroll            |       |     3 |       ||     3
 Stab: Sleeping          |     1 |     1 |       ||     2
       Distracted        |       |       |     1 ||     1
Armor: Robe              |    26 |    87 |    80 ||   193
       Skin              |       |       |     3 ||     3
Dodge: Dodged            |    30 |    83 |    99 ||   212
Block: Kite shield       |    29 |    97 |   108 ||   234

Table legend: (Time is in decaauts)
 A = Elapsed time spent in this place.
 B = Non-inter-level travel time spent in this place.
 C = Inter-level travel time spent in this place.
 D = Time resting spent in this place.
 E = Time spent auto-exploring this place.
 F = Levels seen in this place.
 G = Mean time per level.
                   A        B        C        D        E       F      G
               +--------+--------+--------+--------+--------+-----+--------+
         Total |   4171 |   3831 |    340 |    131 |   2304 |   6 |  695.2 |
       Dungeon |   4171 |   3831 |    340 |    131 |   2304 |   6 |  695.2 |
               +--------+--------+--------+--------+--------+-----+--------+

Top non-repeatable levels by time:
     D:4: 1041 daAuts
     D:3: 957 daAuts
     D:1: 788 daAuts
     D:2: 768 daAuts
     D:5: 609 daAuts
     D:6: 7 daAuts
